 Dungeon Crawl Stone Soup version 0.14-a0-1837-g7fb8695 (webtiles) character file.

507 Nicoed the Skirmisher (level 7, -4/55 HPs)
             Began as a Human Fighter on Jan 10, 2014.
             Slain by a gnoll
             ... wielding a +0,+0 halberd
              (13 damage)
             ... on Level 3 of the Dungeon.
             The game lasted 00:14:28 (5301 turns).

Nicoed the Skirmisher (Human Fighter)               Turns: 5301, Time: 00:14:29

HP  -4/55        AC  8     Str 19      XL: 7   Next: 13%
MP   7/7         EV  7     Int  8      God:
Gold 97          SH 18     Dex 12      Spells:  0 memorised,  6 levels left

rFire  . . .     SeeInvis .     j - -3,+0 orc war axe (curse)
rCold  . . .     Clarity  .     e - +0 orc ring mail
rNeg   . . .     Conserve .     c - +0 shield
rPois  .         rCorr    .     (no helmet)
rElec  .         rRot     .     (no cloak)
SustAb + .       Spirit   .     q - +1 pair of dwarf gloves
rMut   .         Warding  .     (no boots)
Saprov . . .     Stasis   .     (no amulet)
                                (no ring)
                                y - ring of sustain abilities

@: slightly resistant to hostile enchantments, extremely unstealthy
A: no striking features
a: no special abilities


You were on level 3 of the Dungeon.
You were not hungry.

You visited 1 branch of the dungeon, and saw 3 of its levels.

You collected 97 gold pieces.

Inventory:

Hand weapons
 a - a +0,+0 falchion
 j - a cursed -3,+0 orcish war axe (weapon)
Armour
 c - a +0 shield (worn)
 e - a +0 orcish ring mail (worn)
 q - a +1 pair of dwarven gloves (worn)
Magical devices
 p - a wand of magic darts (5)
Scrolls
 g - 4 scrolls of immolation
 s - a scroll of fog
Jewellery
 y - a ring of sustain abilities (left hand)
Potions
 f - a potion of might
 i - a potion of curing
 k - a potion of heal wounds
 t - a potion of mutation {unknown}
 u - a potion of poison {unknown}
 v - a potion of cure mutation {unknown}
 x - a potion of flight {unknown}
 z - a potion of speed {unknown}


   Skills:
 + Level 4.6 Fighting
 + Level 3.9 Long Blades
 + Level 4.3 Armour
 + Level 3.2 Dodging
 - Level 3.0 Shields


You had 6 spell levels left.
You didn't know any spells.

Dungeon Overview and Level Annotations

Branches:
Dungeon (3/16)

Altars:
Sif Muna


Message History

The gnoll is moderately wounded.
The gnoll hits you but does no damage. The gnoll closely misses you.
The gnoll closely misses you. You block the gnoll's attack.
You barely miss the gnoll.
The gnoll is moderately wounded.
The gnoll closely misses you. You block the gnoll's attack.
The gnoll hits you with a halberd. The gnoll closely misses you.
You barely miss the gnoll.
The gnoll is moderately wounded.
You block the gnoll's attack.
The gnoll hits you from afar with a halberd.
You hit the gnoll but do no damage.
The gnoll is moderately wounded.
You block the gnoll's attack. The gnoll hits you with a halberd!
* * * LOW HITPOINT WARNING * * *
You block the gnoll's attack. The gnoll closely misses you.
The gnoll hits you with a halberd.
* * * LOW HITPOINT WARNING * * *
The gnoll hits you from afar with a halberd!
You die...

≈≈≈≈≈≈....≈≈≈≈≈≈≈≈≈≈≈≈#####≈≈#
≈≈≈≈≈≈....≈≈≈≈≈≈≈≈≈≈≈≈≈≈≈≈≈≈≈#
≈≈≈≈≈≈....≈≈≈≈≈≈≈≈≈≈≈≈≈≈≈≈≈≈≈#
.........%.................P.#
.........g#.#.###..####...####
##.......(..#.# #..## #...#
........%.#)#g###...###...#####
#########..<)gg%..............#
# ###.####@....##..###..# #
#.####.###.##..###..# #
#####.......)...........# #
#..........###.###.###.## #
#.########## #.# #.# #.# # #.#
#.# #.# #.# #######.#
#.###.###.# ..>.....#
#.........# ## #########
#.###.##### #.


You could see 3 gnolls.

Vanquished Creatures
  2 orc priests (D:3)
  A gnoll shaman (D:3)
  18 gnolls (D:3)
  6 adders
  A worm (D:2)
  3 giant geckos
  7 orcs
  3 ball pythons
  8 bats
  2 giant cockroaches
  4 goblins
  12 hobgoblins
  4 jackals (D:3)
  8 kobolds
  A quokka (D:3)
  6 giant newts
  7 rats
93 creatures vanquished.

Notes
Turn   | Place    | Note
--------------------------------------------------------------
     0 | D:1      | Nicoed, the Human Fighter, began the quest for the Orb.
     0 | D:1      | Reached XP level 1. HP: 18/18 MP: 1/1
   101 | D:1      | Reached XP level 2. HP: 24/24 MP: 2/2
   345 | D:1      | Reached skill level 1 in Dodging
   532 | D:1      | Reached XP level 3. HP: 29/29 MP: 3/3
  1013 | D:2      | Reached XP level 4. HP: 15/35 MP: 4/4
  1697 | D:2      | Found a deep blue altar of Sif Muna.
  2123 | D:3      | Reached XP level 5. HP: 31/42 MP: 5/5
  2459 | D:3      | Reached skill level 4 in Fighting
  2763 | D:3      | Reached XP level 6. HP: 48/48 MP: 6/6
  4534 | D:3      | Reached XP level 7. HP: 19/55 MP: 7/7
  5301 | D:3      | Slain by a gnoll

Action                   |  1- 3 |  4- 6 |  7- 9 || total
-------------------------+-------+-------+-------++-------
Melee: Falchion          |   107 |   252 |       ||   359
       War axe           |       |    11 |    51 ||    62
  Use: Potion            |       |     3 |       ||     3
       Scroll            |       |    10 |     9 ||    19
